AoeStats
← dice

Arabia

509555366Analyzed
2v2 RM · 4d ago on Sep 27, 2026· 36m 5s· 4 players
Game mode
Random Map
Map size
Medium (4 player)
Population
200
Speed
Normal
Resources
Standard
Victory
Conquest
Starting age
Dark Age
Ending age
Imperial Age
RankedLock teamsTeams togetherTeam positionsShared explorationLock speedFull tech treeHidden civsTurbo modeCheats
Victory
Defeat
🇹🇼 Vietnamese · Taiwan
1126
+13
🇹🇼 Persians · Taiwan
1100
+14
🇲🇽 Bengalis · Mexico
1086
-14
🇭🇰 Persians · Hong Kong SAR China
1037
-13
code monkey HK
10:49 Feudal Age
11:02 Loom
11:49 Double-Bit Axe
17:17 Bloodlines
18:13 Scale Barding Armor
21:31 Castle Age
21:28 Forging
22:05 Horse Collar
22:37 Bow Saw
22:21 Gold Mining
24:04 Heavy Plow
26:18 Fervor
28:00 Chain Barding Armor
28:16 Iron Casting
33:28 Husbandry
32:50 Light Cavalry
35:40 Gold Shaft Mining
34:58 Stone Mining
35:06 Fletching
35:59 Wheelbarrow
35:10 Town Watch
DA Fantasmic 11
11:56 Feudal Age
11:50 Loom
16:33 Castle Age
19:38 Double-Bit Axe
20:54 Bow Saw
20:38 Gold Mining
21:40 Horse Collar
23:19 Forging
23:49 Padded Archer Armor
25:02 Leather Archer Armor
25:55 Wheelbarrow
26:07 Bloodlines
26:38 Husbandry
28:21 Fletching
29:07 Bodkin Arrow
dice
5:43 Loom
8:49 Feudal Age
10:26 Double-Bit Axe
10:22 Horse Collar
20:26 Castle Age
20:17 Scale Barding Armor
22:03 Heavy Plow
22:44 Gold Mining
23:09 Bow Saw
24:18 Forging
24:49 Bloodlines
24:42 Husbandry
25:29 Wheelbarrow
26:18 Gold Shaft Mining
28:31 Chain Barding Armor
30:34 Hand Cart
32:54 Iron Casting
35:47 Imperial Age
33:15 Town Watch
37:05 Two-Man Saw
35:29 Cavalier
36:15 Scale Mail Armor
36:52 Plate Barding Armor
bm489
5:52 Loom
9:12 Feudal Age
10:27 Double-Bit Axe
16:57 Fletching
18:26 Horse Collar
22:06 Castle Age
22:16 Padded Archer Armor
22:20 Crossbowman
23:16 Bodkin Arrow
23:29 Thumb Ring
24:09 Bow Saw
25:06 Leather Archer Armor
34:09 Heavy Plow
36:11 Ballistics
35:53 Gold Mining
Connection lost

Rejoining the realm…

Still unreachable

The connection could not be restored.

Session expired

The server has moved on; the page needs a fresh start.